AoeStats
← rafael.daniek

MegaRandom

506483664Analyzed
3v3 RM · 19d ago on Sep 13, 2026· 16m 23s· 6 players
Game mode
Random Map
Map size
Normal (6 player)
Population
200
Speed
Normal
Resources
Standard
Victory
Conquest
Starting age
Dark Age
Ending age
Imperial Age
RankedLock teamsTeams togetherTeam positionsShared explorationLock speedFull tech treeHidden civsTurbo modeCheats
Victory
Defeat
🇪🇸 Spanish · Spain
819
+17
🇪🇸 Goths · Spain
783
+18
🇪🇸 Bulgarians · Spain
726
+21
🇩🇪 Saracens · Germany
852
-19
🇺🇸 Khmer · United States
848
-19
🇺🇸 Chinese · United States
809
-18
GymNASAt
1:29 Loom
Daddyroids
rafael.daniek
16:17 Feudal Age
Grimor91
11:16 Feudal Age
11:53 Double-Bit Axe
16:06 Arson
16:12 Horse Collar
17:13 Forging
jurjur.mobile
7:14 Loom
7:20 Loom
11:40 Feudal Age
18:48 Castle Age
SaintJimmy_21
11:29 Feudal Age
12:26 Loom
Connection lost

Rejoining the realm…

Still unreachable

The connection could not be restored.

Session expired

The server has moved on; the page needs a fresh start.